 Dungeon Crawl Stone Soup version 0.32-a0-913-g739538afd8 (webtiles) character file.

Game seed: 3426654311240326180

5097 LilYaldabaoth01 the Basher (level 10, 0/93 HPs)
             Began as a Mountain Dwarf Cinder Acolyte on Apr 7, 2024.
             Was a Priest of Ignis.
             Slain by a two-headed ogre
             ... wielding a +0 giant club
              (21 damage)
             ... on level 9 of the Dungeon.
             The game lasted 00:21:48 (10695 turns).

LilYaldabaoth01 the Basher (MDCA)                  Turns: 10695, Time: 00:21:49

Health: 0/93       AC: 14    Str: 18    XL:     10   Next: 32%
Magic:  1/16       EV: 10    Int: 18    God:    Ignis [***...]
Gold:   499        SH:  0    Dex:  5    Spells: 15/17 levels left

rFire   + + .        b - +0 morningstar
rCold   . . .        (no shield)
rNeg    . . .        G - +0 plate armour
rPois   .            D - +0 hat {SInv}
rElec   .            (no cloak)
rCorr   .            (no gloves)
SInv    +            H - +0 pair of boots
Will    +....        (no amulet) Stlth
                     t - +5 ring of evasion
HPRegen 0.35/turn    s - ring of protection from fire
MPRegen 0.15/turn

%: no passive effects
@: no status effects
A: runic magic, artefact enchanting
a: Renounce Religion, Fiery Armour, Foxfire Swarm, Rising Flame


You were on level 9 of the Dungeon.
You worshipped Ignis.
Ignis was most pleased with you.
You visited 2 branches of the dungeon, and saw 10 of its levels.
You also visited: Sewer.

You collected 499 gold pieces.

Inventory:

Hand Weapons
 b - a +0 morningstar (weapon)
 E - a +4 heavy dire flail
Armour
 m - a +0 ring mail
 u - a +0 chain mail
 D - a +0 hat of see invisible (worn)
 G - a +0 plate armour (worn)
 H - a +0 pair of boots (worn)
Magical Staves
 i - a staff of cold
Jewellery
 s - a ring of protection from fire (right hand)
 t - a +5 ring of evasion (left hand)
 x - a ring of flight
 F - a ring of wizardry
Wands
 a - a wand of light (9)
 y - a wand of flame (9)
 z - a wand of iceblast (6)
 I - a wand of mindburst (7)
Scrolls
 d - a scroll of poison
 e - a scroll of teleportation {unknown}
 g - 4 scrolls of amnesia
 k - 2 scrolls of enchant armour {unknown}
 l - 2 scrolls of enchant weapon
 q - 3 scrolls of fear
 v - 2 scrolls of fog {unknown}
 w - a scroll of identify
 B - 2 scrolls of noise
 C - a scroll of revelation {unknown}
Potions
 c - 3 potions of curing {unknown}
 f - 3 potions of resistance {unknown}
 h - 2 potions of ambrosia {unknown}
 j - 3 potions of mutation {unknown}
 n - a potion of enlightenment {unknown}
 o - a potion of lignification {unknown}
 p - 2 potions of cancellation {unknown}
 r - a potion of brilliance {unknown}
 A - 2 potions of heal wounds {unknown}


   Skills:
 - Level 10.0 Fighting
 - Level 10.0 Maces & Flails
 + Level 7.2 Armour
 - Level 4.0 Spellcasting
 - Level 8.0 Fire Magic


You had 15 spell levels left.
You knew the following spells:

 Your Spells              Type           Power      Damage    Failure   Level
a - Scorch                Fire           64%        2d7       1%          2

Your spell library contained the following spells:

 Spells                   Type           Power      Damage    Failure   Level
 Summon Small Mammal      Summ           12%        N/A       32%         1
 Flame Wave               Conj/Fire      18%        2d7       54%         4
 Summon Blazeheart Golem  Fire/Summ      18%        N/A       54%         4
 Call Canine Familiar     Summ           3%         N/A       69%         3
 Hailstorm                Conj/Ice       3%         3d5       69%         3
 Summon Ice Beast         Ice/Summ       3%         N/A       69%         3
 Tukima's Dance           Hex            3%         N/A       69%         3
 Passage of Golubria      Tloc           3%         N/A       97%         4
 Summon Forest            Summ/Tloc      1%         N/A       100%        5
 Yara's Violent Unravell  Hex/Alch       1%         3d3       100%        5
 Eringya's Noxious Bog    Alch           1%         4d6       100%        6
 Permafrost Eruption      Ice/Erth       1%         2x4d2     100%        6
 Sculpt Simulacrum        Ice/Alch       1%         N/A       100%        6
 Summon Cactus Giant      Summ           1%         N/A       100%        6
 Summon Hydra             Summ           1%         N/A       100%        7


Dungeon Overview and Level Annotations

Branches:
Dungeon (9/15)             Temple (1/1) D:7           Sewer (visited)
   Lair: D:8-11         Orc: D:9-12

Altars:
Ashenzari
Cheibriados
Dithmenos
Elyvilon
Fedhas
Gozag
Hepliaklqana
Kikubaaqudgha
Makhleb
Nemelex Xobeh
Qazlal
Ru
Trog
Uskayaw
Vehumet
Wu Jian
Xom
Yredelemnul
Zin
The Shining One

Shops:
D:6 (

Annotations:
D:5 2 runed translucent doors, Arkalis's ghost, amateur DsCK


Innate Abilities, Weirdness & Mutations

Your spellcasting is much less encumbered by armour.
You can use scrolls of enchantment on lesser artefacts.


Message History

The two-headed ogre's fire resistance burns away.
Casting: Scorch (safe; 1% risk of failure)
Press: ? - help, Q - select action, (/) - cycle Dir - look around, f - activate Flames lash the two-headed ogre.
The two-headed ogre is burned terribly!
The two-headed ogre is heavily wounded.
Unknown command.
You hit the two-headed ogre but do no damage.
The two-headed ogre is heavily wounded.
The two-headed ogre hits you with a +0 giant club!
The two-headed ogre barely misses you.
You hit the two-headed ogre.
The two-headed ogre is heavily wounded.
You barely miss the two-headed ogre.
The two-headed ogre is heavily wounded.
The two-headed ogre hits you but does no damage.
The two-headed ogre hits you with a +0 giant spiked club.
The kobold barely misses you.
You hit the two-headed ogre.
The two-headed ogre is heavily wounded.
The kobold misses you.
The two-headed ogre hits you with a +0 giant club.
The two-headed ogre hits you with a +0 giant spiked club!
You barely miss the two-headed ogre.
The two-headed ogre is heavily wounded.
The kobold closely misses you.
You hit the two-headed ogre but do no damage.
The two-headed ogre is heavily wounded.
The two-headed ogre hits you with a +0 giant club!!
* * * LOW HITPOINT WARNING * * *
The two-headed ogre barely misses you. The kobold hits you but does no damage.
Unknown command.
Aiming: Iceblast
Press: ? - help, Shift-Dir - straight line The mass of ice explodes!
The iceblast engulfs the two-headed ogre!
The two-headed ogre is almost dead.
The kobold hits you but does no damage.
The two-headed ogre hits you with a +0 giant club!!
You die...
Ignis goes out, and joins you in death.

)# )# .# .# .# +## .#
..# .# #.# .##
###.###### ..#
#..@.....# #.##
#..OK....#
#..###########........#
.......>........).....#
##>###########..).....#
#.# #..$....... #.#
#...)....## # #.#
#...K..$.# #. #.#
####.##### ####.


You could see a two-headed ogre (combustible) and 2 kobolds.

Vanquished Creatures
  Gastronok (D:9)
  Prince Ribbit (D:5)
  A shadow (D:5)
  A wraith (D:6)
  A wyvern (D:8)
  A steam dragon (D:7)
  Edmund (D:5)
  Duvessa (D:4)
  A water moccasin (D:9)
  3 orc warriors
  A black bear (D:6)
  4 sky beasts (D:7)
  3 ogres
  A phantom (D:6)
  2 brain worms (Sewer)
  Blork the orc (D:5)
  A bullfrog (D:6)
  3 kobold brigands
  2 scorpions
  5 wights (D:9)
  Dowan (D:4)
  A jelly (D:6)
  5 killer bees (D:7)
  A hound (D:7)
  A bombardier beetle (D:3)
  3 orc priests (D:8)
  4 iguanas
  Ijyb (D:4)
  6 orc wizards
  4 gnolls (D:4)
  16 adders
  A river rat (Sewer)
  2 ufetubi (D:6)
  A ribbon worm (D:5)
  3 dart slugs
  27 orcs
  6 ball pythons
  4 endoplasms
  5 giant cockroaches
  9 goblins
  9 hobgoblins
  7 jackals
  8 quokkas
  10 bats
  13 frilled lizards
  16 kobolds
  6 rats
205 creatures vanquished.

Notes
Turn   | Place    | Note
-------+----------+-------------------------------------------
     0 | D:1      | LilYaldabaoth01 the Mountain Dwarf Cinder Acolyte began the
                  | quest for the Orb.
     0 | D:1      | Reached XP level 1. HP: 19/19 MP: 2/2
   185 | D:1      | Reached XP level 2. HP: 21/26 MP: 4/4
   210 | D:1      | Learned a level 2 spell: Scorch
   618 | D:1      | Reached XP level 3. HP: 30/31 MP: 6/6
  1685 | D:2      | Reached XP level 4. HP: 38/38 MP: 5/8
  1805 | D:2      | Found a sparkling altar of Nemelex Xobeh.
  2513 | D:3      | Reached skill level 5 in Fire Magic
  2758 | D:3      | Found a sparkling altar of Nemelex Xobeh.
  3060 | D:3      | Reached XP level 5. HP: 45/45 MP: 2/9
  3750 | D:4      | Found a shimmering altar of Xom.
  3816 | D:4      | Found a radiant altar of Vehumet.
  3817 | D:4      | Noticed Dowan
  3817 | D:4      | Noticed Duvessa
  4052 | D:4      | Killed Duvessa
  4053 | D:4      | Reached XP level 6. HP: 29/51 MP: 10/10
  4059 | D:4      | Killed Dowan
  4345 | D:4      | Noticed Ijyb
  4351 | D:4      | Killed Ijyb
  4496 | D:4      | Found an ancient bone altar of Kikubaaqudgha.
  4701 | D:5      | Entered Level 5 of the Dungeon
  4854 | D:5      | Noticed Blork the orc
  4859 | D:5      | Killed Blork the orc
  4860 | D:5      | Reached XP level 7. HP: 49/57 MP: 3/12
  4981 | D:5      | Noticed a shadow
  5002 | D:5      | Killed a shadow
  5237 | D:5      | Found a large runed translucent door.
  5237 | D:5      | Found a large runed translucent door.
  5303 | D:5      | Noticed Arkalis's ghost (amateur DsCK)
  5325 | D:5      | Noticed Prince Ribbit
  5364 | D:6      | Found Xemy's Antique Weapon Boutique.
  5372 | D:6      | Noticed a wraith
  5386 | D:6      | Killed a wraith
  5387 | D:6      | Reached skill level 5 in Fighting
  5605 | D:6      | Found a glowing drain.
  5617 | Sewer    | Entered a sewer
  5665 | Sewer    | Reached XP level 8. HP: 71/71 MP: 9/14
  6618 | D:6      | Reached skill level 5 in Maces & Flails
  7056 | D:5      | Noticed Edmund
  7072 | D:5      | Killed Edmund
  7674 | D:5      | Killed Prince Ribbit
  7675 | D:5      | Reached XP level 9. HP: 79/79 MP: 4/15
  7893 | D:7      | Reached skill level 10 in Maces & Flails
  8838 | D:7      | Found a staircase to the Ecumenical Temple.
  8907 | D:7      | Found a snail-covered altar of Cheibriados.
  8967 | Temple   | Entered the Ecumenical Temple
  9493 | D:8      | Reached skill level 10 in Fighting
  9509 | D:8      | Reached skill level 1 in Armour
  9978 | D:8      | Found a white marble altar of Elyvilon.
 10058 | D:8      | Found a shadowy altar of Dithmenos.
 10073 | D:8      | Found an opulent altar of Gozag.
 10077 | D:8      | Found a glowing golden altar of the Shining One.
 10290 | D:9      | Found a hide-covered altar of Uskayaw.
 10291 | D:9      | Noticed a two-headed ogre
 10458 | D:9      | Reached XP level 10. HP: 78/93 MP: 16/16
 10541 | D:9      | Noticed Gastronok
 10563 | D:9      | Killed Gastronok
 10695 | D:9      | Slain by a two-headed ogre

Illustrated notes

Levels and vault maps discovered:
D:1:      evilmike_arrival_rings, layout_loops_cross
D:2:      layout_basic, basic_altar
D:3:      wad_river_or_something, layout_basic, nemelex_altar_shiori,
          minivault_25, grunt_decor_arrowhead, nicolae_figureground_pulse
D:4:      nicolae_cairo_tiling, layout_basic, kiku_gazebo_garden_becter,
          vehumet_altar_wand_db, mainiacjoe_overflow_concentric_impassable,
          uniq_duvessa, uniq_ijyb
D:5:      layout_basic, ebering_ghost_disaster_area, uniq_prince_ribbit1,
          uniq_edmund, uniq_blork_the_orc
D:6:      layout_loops_corners, serial_shops, shop, portal_sewer_entry_f,
          kennysheep_generic_room_2
D:7:      layout_loops_ring, nicolae_overflow_hidden_temple,
          minmay_temple_entry_enclosed_plants, serial_park_tiny_pond
D:8:      layout_loops_ring, nicolae_overflow_macrodata_refinement
D:9:      layout_roguey, eat_drink_and_be_merry_uskayaw, uniq_pikel,
          uniq_gastronok
Temple:   eino_temple_lava

Skill      XL: |  1  2  3  4  5  6  7  8  9 10 |
---------------+-------------------------------+-----
Spellcasting   | 2 3 4 |  4.0
Fire Magic     | 4 5 7 8 |  8.0
Fighting       | 6 7 10 | 10.0
Maces & Flails | 9 10 | 10.0
Armour         | 4 7 |  7.2

Action                     |  1- 3 |  4- 6 |  7- 9 | 10-12 || total
---------------------------+-------+-------+-------+-------++-------
  Melee: Mace              |    54 |    47 |    46 |       ||   147
         Flail             |       |       |    58 |     3 ||    61
         Dire flail        |       |       |    32 |       ||    32
         Morningstar       |       |       |       |    23 ||    23
   Cast: Scorch            |    32 |    66 |   137 |    18 ||   253
 Invoke: Fiery Armour      |       |     1 |     5 |       ||     6
  Evoke: Wand              |       |       |       |     3 ||     3
    Use: Scroll            |       |     2 |     3 |       ||     5
         Potion            |       |       |     1 |       ||     1
 Armour: Robe              |    43 |     1 |       |       ||    44
         Ring mail         |       |    13 |       |       ||    13
         Chain mail        |       |    36 |   109 |       ||   145
         Plate armour      |       |       |    24 |    26 ||    50
  Dodge: Dodged            |    32 |    50 |    93 |    13 ||   188

Table legend: (Time is in decaauts)
 A = Elapsed time spent in this place.
 B = Non-inter-level travel time spent in this place.
 C = Inter-level travel time spent in this place.
 D = Time resting spent in this place.
 E = Time spent auto-exploring this place.
 F = Levels seen in this place.
 G = Mean time per level.
                   A        B        C        D        E       F      G
               +--------+--------+--------+--------+--------+-----+--------+
         Total |  10805 |  10420 |    385 |    933 |   7855 |  11 |  982.3 |
       Dungeon |  10138 |   9753 |    385 |    804 |   7474 |   9 | 1126.4 |
        Temple |      1 |      1 |      0 |      0 |      0 |   1 |    1.0 |
         Sewer |    665 |    665 |      0 |    129 |    381 |   1 |  665.0 |
               +--------+--------+--------+--------+--------+-----+--------+

Top non-repeatable levels by time:
     D:7: 1493 daAuts
     D:5: 1421 daAuts
     D:4: 1307 daAuts
     D:3: 1260 daAuts
     D:1: 1205 daAuts
     D:6: 1167 daAuts
     D:2: 953 daAuts
     D:8: 951 daAuts
   Sewer: 665 daAuts
     D:9: 378 daAuts
  Temple: 1 daAuts
